AoeStats
← Marcelito1215

Arabia

508588639Analyzed
1v1 RM · 7d ago on Sep 23, 2026· 48m 1s· 2 players
Game mode
Random Map
Map size
Tiny (2 player)
Population
200
Speed
Normal
Resources
Standard
Victory
Conquest
Starting age
Dark Age
Ending age
Imperial Age
RankedLock teamsTeams togetherTeam positionsShared explorationLock speedFull tech treeHidden civsTurbo modeCheats
Victory
Defeat
🇦🇷 Byzantines · Argentina
588
+8
🇮🇳 Japanese · India
402
-8
Gundappa
3:46 Loom
14:38 Feudal Age
23:34 Castle Age
28:33 Horse Collar
40:28 Imperial Age
39:32 Double-Bit Axe
45:02 Murder Holes
46:24 Chemistry
45:35 Fortified Wall
45:46 Ballistics
Marcelito1215
4:17 Loom
10:51 Feudal Age
13:02 Double-Bit Axe
13:01 Horse Collar
16:54 Forging
19:33 Castle Age
18:32 Scale Barding Armor
21:46 Husbandry
22:41 Iron Casting
22:28 Chain Barding Armor
22:00 Fletching
22:15 Gold Mining
23:05 Bow Saw
23:10 Heavy Plow
24:12 Wheelbarrow
27:45 Gold Shaft Mining
27:00 Stone Mining
32:13 Pikeman
37:51 Imperial Age
35:37 Hand Cart
36:37 Stone Shaft Mining
36:16 Scale Mail Armor
39:43 Conscription
38:44 Elite Cataphract
45:57 Chemistry
45:17 Ballistics
Connection lost

Rejoining the realm…

Still unreachable

The connection could not be restored.

Session expired

The server has moved on; the page needs a fresh start.